Map: Dusk Towers

Players

Taveren - Winner!

  • Race: Zerg Zerg
  • League: Diamond

LilDicky

  • Race: Terran Terran
  • League: Diamond

VOD

http://www.twitch.tv/tumescentpie

Description

Time

  • Played on: Dec. 5, 2015, 6:11 p.m.
  • Length: 8:27
Show
View Real Time Build Order
Export as new Build Order

Taveren Zerg - Winner!

Build Orders: Hatch First 

Get SALT Encoding   

  12  0:01  Drone  
  13  0:13  Overlord  
  13  0:17  Drone  
  14  0:32  Drone x2  
  16  0:36  Drone  
  17  0:46  Drone  
  18  0:58  Hatchery  
  18  1:01  Drone  
  18  1:05  Extractor  
  18  1:09  Drone  
  18  1:20  Spawning Pool  
  18  1:22  Drone  
  18  1:30  Drone  
  19  1:44  Overlord  
  19  1:54  Drone  
  20  2:02  Drone  
  20  2:07  Queen  
  23  2:11  Metabolic Boost  
  23  2:12  Queen  
  23  2:14  Drone x2  
  27  2:21  Drone  
  28  2:25  Drone  
  29  2:32  Overlord  
  29  2:36  Drone  
  30  2:43  Drone  
  31  2:52  Overlord  
  31  2:55  Drone  
  31  2:58  Drone  
  33  3:00  Queen  
  33  3:01  Queen  
  33  3:04  Overlord  
  37  3:08  Overlord  
  37  3:18  Drone x2  
  39  3:24  Drone x3  
  42  3:32  Hatchery  
  41  3:38  Extractor  
  41  3:39  Lair, Extractor  
  39  3:48  Drone x4  
  42  3:53  Drone x2  
  45  4:02  Overlord x2  
  45  4:12  Drone x4  
  49  4:20  Baneling Nest, Drone  
  49  4:36  Evolution Chamber  
  49  4:38  Drone  
  49  4:42  Drone  
  49  4:43  Drone  
  49  4:44  Drone x6, Spire  
  49  4:45  Queen  
  58  4:53  Overlord  
  58  5:01  Zergling x2  
  58  5:02  Evolution Chamber  
  58  5:09  Zergling x2  
  58  5:10  Zergling x14  
  66  5:25  Drone x4  
  66  5:26  Drone  
  71  5:29  Zerg Melee Weapons Level 1  
  71  5:30  Zerg Ground Armor Level 1  
  71  5:38  Drone x5  
  75  5:50  Zergling x6  
  75  5:53  Baneling x5  
  75  5:54  Hatchery, Centrifical Hooks, Baneling x2  
  77  5:57  Zergling x8  
  77  6:04  Zergling x14  
  84  6:10  Zergling x4  
  90  6:13  Overseer  
  90  6:17  Spore Crawler  
  80  6:26  Zergling x2  
  80  6:27  Zergling x10  
  80  6:29  Zergling x6  
  80  6:30  Zergling x10  
  87  6:38  Zergling x2  
  87  6:39  Zergling x2  
  83  6:48  Zergling x2  
  83  6:49  Zergling x4  
  86  6:59  Zergling x2  
  86  7:00  Zergling x6  
  89  7:01  Overlord x3  
  89  7:02  Overlord x2  
  89  7:06  Infestation Pit  
  88  7:09  Overlord x3  
  88  7:14  Drone x4  
  91  7:17  Hatchery, Extractor x2  
  91  7:20  Zergling x4  
  84  7:33  Baneling x7  
  84  7:35  Zergling x2  
  84  7:36  Zergling x18  
  94  7:40  Queen  
  96  7:50  Drone x6  
  99  8:04  Zergling x16  
Show
View Real Time Build Order
Export as new Build Order

LilDicky Terran 

Build Orders: MMM Bio 

Get SALT Encoding   

  12  0:01  SCV  
  13  0:13  SCV  
  14  0:18  Supply Depot  
  14  0:25  SCV  
  15  0:30  Refinery  
  15  0:39  SCV  
  16  0:45  Barracks  
  16  0:51  SCV  
  18  1:04  SCV  
  18  1:16  SCV  
  19  1:28  SCV  
  20  1:35  Marine  
  21  1:40  Command Center  
  22  1:48  Orbital Command  
  22  1:58  Barracks Reactor  
  21  2:02  Supply Depot  
  21  2:20  SCV, Barracks  
  21  2:21  Barracks  
  22  2:32  SCV  
  22  2:36  Marine x2  
  25  2:44  SCV  
  26  2:56  SCV  
  26  2:58  Marine x2  
  29  3:06  Orbital Command  
  29  3:08  SCV  
  29  3:09  Barracks Tech Lab x2  
  30  3:13  Factory  
  30  3:15  Marine  
  30  3:18  Refinery  
  31  3:20  SCV  
  31  3:25  Supply Depot  
  31  3:26  Marine  
  33  3:28  Marine  
  33  3:33  SCV, Stimpack  
  35  3:35  Combat Shields  
  35  3:38  Marine  
  36  3:42  SCV  
  36  3:45  SCV  
  36  3:47  Marine  
  39  3:50  Marauder  
  39  3:54  Marauder  
  43  3:56  SCV  
  43  3:58  Marine  
  45  4:05  Starport  
  45  4:10  SCV x2  
  45  4:14  Factory Reactor, Marine  
  45  4:15  Marine x2  
  50  4:22  SCV x2, Supply Depot  
  52  4:24  Supply Depot  
  52  4:25  Marine  
  53  4:32  Marine  
  54  4:43  Marine x3  
  54  4:44  SCV x2  
  59  4:46  Supply Depot  
  59  4:55  Medivac x2  
  59  4:58  Hellion, Marine  
  66  5:00  SCV x2  
  66  5:01  Marine  
  69  5:08  Supply Depot, Marauder x2  
  69  5:12  SCV  
  74  5:19  Hellion, Marine x2  
  78  5:30  Marauder x2  
  82  5:36  Marine  
  82  5:37  Marine  
  81  5:50  Marine  
  81  5:51  Marauder  
  81  5:52  Medivac  
  86  6:00  Supply Depot  
  86  6:02  SCV x2, Marine x2  
  90  6:05  Supply Depot  
  90  6:07  Command Center  
  90  6:09  Marauder  
  92  6:12  Marine  
  92  6:14  SCV  
  94  6:21  Marine x2  
  86  6:30  Marine  
  63  6:46  Marine  
  63  6:47  Marine x2  
  62  6:48  Marauder  
  64  6:54  Barracks  
  64  6:57  Engineering Bay x2, Barracks  
  64  6:59  Barracks x2  
  62  7:04  Marine x3  
  62  7:06  SCV x2  
  67  7:09  Supply Depot, Marine  
  67  7:12  Refinery  
  67  7:14  Refinery  
  68  7:15  Supply Depot  
  68  7:22  Marine x3  
  58  7:27  Marine  
  54  7:35  Concussive Shells  
  54  7:36  Medivac x2  
  56  7:40  Marine x3  
  56  7:42  Marine  
  60  7:44  Marine x2  
  62  7:58  Marine x5  
  60  7:59  Marine  
  60  8:02  Marine x2  
Tags
 
Add a new tag
Caveats
  • Supply blocks, unpowered buildings, or Contaminate may cause inaccurate times.
  • Supply counts are checked every 10 seconds.